 Dungeon Crawl Stone Soup version 0.18-a0-1197-g8004e50 (webtiles) character file.

114 Duffy the Ruffian (level 4, -6/38 HPs)
             Began as a Draconian Monk on Jan 30, 2016.
             Was a Believer of Cheibriados.
             Mangled by an iguana (13 damage)
             ... on level 4 of the Dungeon.
             The game lasted 00:01:34 (1489 turns).

Duffy the Ruffian (Draconian Monk)                  Turns: 1489, Time: 00:01:34

Health: -6/38      AC:  5    Str: 18    XL:     4   Next: 67%
Magic:  4/4        EV: 13    Int: 15    God:    Cheibriados [**....]
Gold:   45         SH:  0    Dex: 17    Spells: 0 memorised, 3 levels left

rFire  . . .     SeeInvis .       - Unarmed
rCold  . . .     Gourm    .     (armour unavailable)
rNeg   . . .     Faith    .     (no shield)
rPois  .         Spirit   .     (helmet restricted)
rElec  .         Dismiss  .     (no cloak)
rCorr  .         Reflect  .     (no gloves)
SustAt .         Harm     .     (no boots)
MR     .....                    (no amulet)
Stlth  ++........               (no ring)
                                (no ring)

@: very slightly contaminated, hasted, quick, not resistant to hostile
enchantments, unstealthy
A: unfitting armour, cold-blooded, AC +5
a: Bend Time, Renounce Religion


You were on level 4 of the Dungeon.
You worshipped Cheibriados.
Cheibriados was pleased with you.
You were hungry.

You visited 2 branches of the dungeon, and saw 5 of its levels.

You collected 45 gold pieces.


Innate Abilities, Weirdness & Mutations

Your plain brown scales are hard (AC +5).
Your body does not fit into most forms of armour.
You are cold-blooded and may be slowed by cold attacks.


   Skills:
 - Level 3.2 Fighting
 - Level 2.6 Dodging
 - Level 1.7 Stealth
 + Level 6.1 Unarmed Combat


You had 3 spell levels left.
You didn't know any spells.

Inventory:

Missiles
 m - 4 tomahawks (quivered)
Wands
 k - a wand of confusion (23/48)
Scrolls
 b - a scroll of magic mapping {unknown}
 c - a scroll of identify {unknown}
 d - a scroll of fog {unknown}
 f - 2 scrolls of remove curse {unknown}
 g - a scroll of recharging {unknown}
 j - a scroll of teleportation {unknown}
Potions
 e - a potion of flight {unknown}
 i - 2 potions of haste
Books
 h - a book of Enchantments
Comestibles
 a - 2 bread rations

Dungeon Overview and Level Annotations

Branches:
Dungeon (4/15)             Temple (1/1) D:4

Altars:
Ashenzari
Cheibriados
Dithmenos
Elyvilon
Fedhas
Gozag
Kikubaaqudgha
Makhleb
Okawaru
Ru
Sif Muna
Trog
Vehumet
Xom
Zin
The Shining One

Annotations:
D:2 exclusion: 4 gnolls


Message History

Done exploring.
Done exploring.
Done exploring.
Done exploring.
Done exploring.
There is a snail-covered altar of Cheibriados here.
You kneel at the altar of Cheibriados.
Cheibriados welcomes you!
Cheibriados slows and strengthens your metabolism.
Cheibriados raises the support of your attributes as your movement slows. x3
Cheibriados begins to support your attributes as your movement slows.
You can now bend time to slow others.
(D) Dungeon (T) Temple
Where to? (* - list waypoints, Enter - D:3, ? - help)
There is an ancient bone altar of Kikubaaqudgha here.
There is a shimmering altar of Xom here.
There is a staircase back to the Dungeon here.
You climb upwards.
Welcome back to the Dungeon!
The iguana completely misses you. The iguana bites you!
The iguana completely misses you. The iguana bites you!
There is a staircase to the Ecumenical Temple, spattered with blood here.
The iguana bites you but does no damage.
The iguana barely misses you. The iguana bites you. The iguana bites you!
The iguana barely misses you.
There is an open door here.
The iguana bites you.
Drink which item? (? for menu, Esc to quit)
It was a potion of haste.
You feel yourself speed up.
Cheibriados forgives your accidental hurry, just this once.
You are very lightly contaminated with residual magic.
You hit the iguana but do no damage.
You tail-slap the iguana, but do no damage.
You barely miss the iguana. The iguana bites you!
You die...

#### ...######## .#........#
#####
.#..#####.#########...###########
.........)......@ll..............
##........#########...####.######
#>.............# #...####.#
###.....#######.# #........#
..[..##.# #........# )###....#
#........# .#####..#
########'###### ...))...#
#........ ######.## #........


You could see 2 iguanas.

Action                   |  1- 3 |  4- 6 || total
-------------------------+-------+-------++-------
Melee: Unarmed           |    74 |    30 ||   104
  Use: Potion            |       |     1 ||     1
 Stab: Sleeping          |     2 |       ||     2
  Eat: Chunk             |       |     1 ||     1

Notes
Turn   | Place    | Note
--------------------------------------------------------------
     0 | D:1      | Duffy the Draconian Monk began the quest for the Orb.
     0 | D:1      | Reached XP level 1. HP: 19/19 MP: 1/1
   377 | D:2      | Reached XP level 2. HP: 26/26 MP: 2/2
   599 | D:4      | Reached skill level 5 in Unarmed Combat
   599 | D:4      | Reached XP level 3. HP: 8/31 MP: 3/3
   931 | D:4      | Reached XP level 4. HP: 22/38 MP: 4/4
  1030 | D:4      | Reached skill level 6 in Unarmed Combat
  1328 | D:4      | Found a staircase to the Ecumenical Temple.
  1363 | Temple   | Entered the Ecumenical Temple
  1453 | Temple   | Became a worshipper of Cheibriados the Contemplative
  1453 | Temple   | Reached * piety under Cheibriados
  1453 | Temple   | Reached ** piety under Cheibriados
  1489 | D:4      | Mangled by an iguana

Vault maps used:
D:1:      dpeg_arrival_ratfight
D:2:      first_bread
D:3:      minmay_goblin_kobold_castle, grunt_decor_fettered, grunt_pakellas_salt
D:4:      minmay_temple_entry_statues_pillars, nicolae_ossuary_entry_catacombs,
          minmay_door_square, uniq_crazy_yiuf_cottage
Temple:   lightli_temple_of_artemis

Vanquished Creatures
  A centaur zombie
  2 orc wizards
  An adder skeleton
  A worm
  7 orcs
  2 bats
  A giant cockroach
  A hobgoblin
  2 ball pythons
  A goblin
  3 kobolds
  A rat
23 creatures vanquished.
